 BcadrenCrawl: Boulder Brew version 0.04-3-g5ec7fb31a4 (webtiles) character file.

Game seed: 2233879415539260911, levelgen mode: deterministic

97 Chiseanne the Ducker (level 5, 36/36 HPs) Goblin Demonspawn. Began on Mar 21, 2021. Quit the game on level 1 of the Dungeon. The game lasted 00:00:56 (292 turns).

Chiseanne the Ducker (Goblin Demonspawn)             Turns: 292, Time: 00:00:56

Health: 36/36      AC:  3    Str:  8    XL:     5 ^: 130
Magic:  7/7        EV: 14    Int:  6    God:
Gold:   28         SH:  0    Dex:  6    Spells: 8/9 levels left

rFire    . . .     Vision   .   a - +0 long sword
rCold    . . .     Gourm    .   c - +0 mace
rNeg     . . .     Faith    .   b - +0 leather armour
rPois    .         Spirit   +   (helmet restricted)
rElec    .         Reflect  .   (no cloak)
rCorr    .         Harm     .   (no gloves)
MR       .....                  (no boots)
Stlth    +.........             (no amulet)
HPRegen  0.22/turn              (no ring)
MPRegen  0.34/turn              (no ring)

@: no status effects
A: small, stagnant stats, goblin's greed, antennae 1, low mp 1, mutation
resistance 1, magic shield, magic regeneration, god's pity 2
a: no special abilities


You were on level 1 of the Dungeon.
You were not hungry.

You visited 1 branch of the dungeon, and saw 1 of its levels.

You collected 24 gold pieces.

Inventory:

Weapons
 a - a +0 long sword (weapon)
 c - a +0 mace (weapon)
Armour
 b - a +0 leather armour (worn)
 k - a +0 helmet
Scrolls
 g - 2 scrolls of amnesia
 j - a scroll of fear
Potions
 e - a potion of lignification
 h - a potion of curing
 i - 2 potions of heal wounds
 l - a potion of ambrosia
Comestibles
 d - 3 rations
 f - a chunk of flesh


   Skills:
 * Level 3.3 Fighting
 - Level 2.6 Long Blades
 * Level 5.1 Dodging
 - Level 2.6 Stealth
 * Level 2.6 Spellcasting
 - Level 2.6 Fire Magic
   Level 4.0 Invocations


You had 8 spell levels left.
You knew the following spells:

 Your Spells              Type           Power        Failure   Level  Hunger
a - Flame Tongue          Fire           4 (30)       16%         1    ##.....

Your spell library contained the following spells:

 Spells                   Type           Power        Failure   Level  Hunger
 Conjure Flame            Fire           4 (100)      41%         3    ####...
 Blink                    Tloc           N/A          56%         2    ###....
 Call Imp                 Summ           0 (100)      56%         2    ###....
 Slow                     Hex            0 (100)      56%         2    ###....
 Mephitic Cloud           Pois/Air       0 (100)      80%         3    ####...


Dungeon Overview and Level Annotations

Branches:
Dungeon (1/8)

Altars:


Innate Abilities, Weirdness & Mutations

Your stats never grow through leveling.
Your goblin ancestry allows you to find more gold. (+20%)
You are small and have problems with some larger weapons.
You have a pair of small antennae on your head.
Your magical capacity is low. (-10% MP)
You are somewhat resistant to further mutation.
When hurt, damage is shared between your health and your magic reserves.
You regenerate magic rapidly.
The pity of the gods increases the power of your passive and invoked divine abilities.


Message History

No target in view!
No target in view!
No target in view!
No target in view!
No target in view!
No target in view!
No target in view!
You see here a cinder newt corpse.
l - a potion of ambrosia A giant cockroach comes into view.
Found a ration.
The giant cockroach misses you (0).
The giant cockroach closely misses you (0).
You slash the giant cockroach (8)!
You kill the giant cockroach!
You have reached level 5!
Your demonic ancestry asserts itself...
A pair of antennae grows on your head!
Your +0 helmet falls away!
Are you sure you want to abandon this character and quit the game? (Confirm with "yes".)

#..........#
#..........####
#.............####
#.....†..........#
####
#................###
#...
#...................
#...
##..###.............
#... #.##
#..).......... ....
#.# ##....@....# #...
#.## #.....†...# #...
#..# #.........# #...
##.# #........%# ####
#.# ###.##.####
####### #.# #....##
#.....# #.#
##.....######.#'#.###
#.#
#..........#..#.#.>##
#.#
#..........####.#####


There were no monsters in sight!

Vanquished Creatures
  4 giant cockroaches (D:1)
  3 cinder newts (D:1)
  2 dart slugs (D:1)
  A leopard gecko (D:1)
  A goblin (D:1)
  A hobgoblin (D:1)
  A ball python (D:1)
  2 bats (D:1)
  3 kobolds (D:1)
  A rat (D:1)
19 creatures vanquished.

Notes
Turn   | Place    | Note
-------+----------+-------------------------------------------
     0 | D:1      | Chiseanne the Goblin Demonspawn began the quest for the
                  | Orb.
     0 | D:1      | Reached XP level 1. HP: 13/13 MP: 2/2
    14 | D:1      | Gained mutation: When hurt, damage is shared between your
                  | health and your magic reserves. [demonic ancestry]
    14 | D:1      | Reached XP level 2. HP: 19/19 MP: 3/3
   123 | D:1      | Gained mutation: You regenerate magic rapidly. [demonic
                  | ancestry]
   123 | D:1      | Reached XP level 3. HP: 23/25 MP: 4/4
   205 | D:1      | Reached XP level 4. HP: 30/30 MP: 3/5
   221 | D:1      | Reached skill level 5 in Dodging
   291 | D:1      | Gained mutation: You have a pair of small antennae on your
                  | head. [demonic ancestry]
   291 | D:1      | Reached XP level 5. HP: 36/36 MP: 7/7
   292 | D:1      | Quit the game

Levels and vault maps discovered:
D:1:      dpeg_arrival_renting, layout_rooms

Skill      XL: |  1  2  3  4 |
---------------+-------------+-----
Fighting       | 2 3 |  3.3
Spellcasting   | 2 |  2.6
Dodging        | 5 |  5.1
Long Blades    | |  2.6
Stealth        | |  2.6
Fire Magic     | |  2.6
Invocations    | |  4.0

Action                   |  1- 3 |  4- 6 || total
-------------------------+-------+-------++-------
Melee: Long sword        |    31 |    21 ||    52
       Unarmed           |     5 |       ||     5
       Mace              |    19 |    16 ||    35
Armor: Leather armour    |     6 |    11 ||    17
Dodge: Dodged            |    54 |    38 ||    92
       Rpst.: Long sword |    12 |    12 ||    24
